 Dungeon Crawl Stone Soup version 0.30-a0-122-g2a1322497e (webtiles) character file.

Game seed: 9497967768303227711

1 IdlyInterested the Grave Robber (level 1, 0/15 HPs)
             Began as a Demonspawn Wanderer on Sept 16, 2022.
             Constricted to death by a ball python (1 damage)
             ... on level 1 of the Dungeon.
             The game lasted 00:00:51 (50 turns).

IdlyInterested the Grave Robber (Demonspawn Wanderer) Turns: 50, Time: 00:00:51

Health: 0/15       AC:  3    Str: 10    XL:     1   Next: 16%
Magic:  2/2        EV:  8    Int: 15    God:
Gold:   0          SH:  0    Dex: 12    Spells: 2/2 levels left

rFire   . . .      SeeInvis .    a - +0 dagger
rCold   . . .      Faith    .    (no shield)
rNeg    . . .      Spirit   .    c - +0 robe
rPois   .          Reflect  .    d - +0 helmet
rElec   .          Harm     .    (no cloak)
rCorr   .          Rampage  .    (no gloves)
Will    .....                    (no boots)
Stlth   ++........               (no amulet)
HPRegen 0.05/turn                (no ring)
MPRegen 0.08/turn                (no ring)

@: mighty, constricted
A: no striking features
a: no special abilities


You were on level 1 of the Dungeon.
You visited 1 branch of the dungeon, and saw 1 of its levels.

Inventory:

Hand Weapons
 a - a +0 dagger (weapon)
Armour
 c - a +0 robe (worn)
 d - a +0 helmet (worn)
Potions
 e - a potion of heal wounds {unknown}


   Skills:
 * Level 1.1 Fighting
 + Level 0.0 Throwing
 - Level 1.0 Stealth
 + Level 1.0 Spellcasting
 - Level 4.3 Necromancy
 - Level 1.0 Translocations
 - Level 1.2 Invocations
 - Level 1.0 Evocations


You had 2 spell levels left.
You didn't know any spells.
Your spell library contained the following spells:

 Spells                   Type           Power      Damage    Failure   Level
 Necrotise                Necr           52%        1d6       4%          1
 Sublimation of Blood     Necr           13%        N/A       6%          2
 Apportation              Tloc           6%         N/A       16%         1
 Cigotuvi's Dreadful Rot  Necr/Pois/Air  10%        N/A       21%         2
 Gell's Gravitas          Tloc           3%         N/A       43%         3


Dungeon Overview and Level Annotations

Branches:
Dungeon (1/15)

Altars:


Message History

You hit the jackal.
The jackal is severely wounded.
The jackal barely misses you. The jackal bites you.
You closely miss the jackal.
The jackal is severely wounded.
The jackal closely misses you. The jackal misses you.
The jackal bites you but does no damage.
The jackal closely misses you.
You hit the jackal but do no damage.
The jackal is severely wounded.
The jackal completely misses you. The jackal barely misses you.
You closely miss the jackal.
The jackal is severely wounded.
The jackal barely misses you. The jackal bites you.
You miss the jackal.
The jackal is severely wounded.
The jackal barely misses you. x2
The jackal bites you but does no damage.
The jackal barely misses you.
You closely miss the jackal.
The jackal is severely wounded.
The jackal closely misses you. The jackal bites you.
* * * LOW HITPOINT WARNING * * *
Unknown command.
You closely miss the jackal.
The jackal is severely wounded.
The jackal barely misses you. The jackal closely misses you.
The jackal bites you but does no damage.
The jackal bites you.
* * * LOW HITPOINT WARNING * * *
Unknown command.
You hit the jackal.
You kill the jackal!
Okay, then.
You feel very mighty all of a sudden. The jackal bites you.
* * * LOW HITPOINT WARNING * * *
The ball python bites you but does no damage.
The ball python grabs you. The ball python constricts you.
You die...

.......#........#...#
.#...h##.....#.###..#
..S#.###.h.###...#..#
.# #................#
+......#.$#......#
#....###h#.......#
#.... #...h.....#
#.... ####S######
##### #.h@# #$### ...
..## .. #


You could see 2 jackals and a ball python.

Vanquished Creatures
  A jackal (D:1)
1 creature vanquished.

Notes
Turn   | Place    | Note
-------+----------+-------------------------------------------
     0 | D:1      | IdlyInterested the Demonspawn Wanderer began the quest for
                  | the Orb.
     0 | D:1      | IdlyInterested set off with the following items: a +0
                  | dagger, a potion of might, a +0 robe, a +0 helmet; and the
                  | following spells available to memorise: Necrotise,
                  | Sublimation of Blood, Apportation, Cigotuvi's Dreadful Rot,
                  | Gell's Gravitas.
     0 | D:1      | Reached XP level 1. HP: 15/15 MP: 2/2
    50 | D:1      | Constricted to death by a ball python

Illustrated notes

Levels and vault maps discovered:
D:1:      dpeg_arrival_more_subterranean_lakeside_camping, layout_basic,
          hellmonk_ecumenical_altar_watching_god, serial_corexii_hall,
          corexii_hall_statues_deadend, chequers_hall_statues_y

Action                   || total
-------------------------++-------
Melee: Dagger            ||    12
  Use: Potion            ||     1
Armor: Robe              ||    10
Dodge: Dodged            ||    22

Table legend: (Time is in decaauts)
 A = Elapsed time spent in this place.
 B = Non-inter-level travel time spent in this place.
 C = Inter-level travel time spent in this place.
 D = Time resting spent in this place.
 E = Time spent auto-exploring this place.
 F = Levels seen in this place.
 G = Mean time per level.
                   A        B        C        D        E       F      G
               +--------+--------+--------+--------+--------+-----+--------+
         Total |     50 |     50 |      0 |      0 |     14 |   1 |   50.0 |
       Dungeon |     50 |     50 |      0 |      0 |     14 |   1 |   50.0 |
               +--------+--------+--------+--------+--------+-----+--------+

Top non-repeatable levels by time:
     D:1: 50 daAuts
